 Dungeon Crawl Stone Soup version 0.31.0-11-ge490571c62 (webtiles) character file.

Game seed: 14781527594608428024

2432 noir2mars the Twirler (level 9, -2/65 HPs)
             Began as a Human Reaver on Feb 4, 2024.
             Was a Believer of Makhleb.
             Succumbed to barbed spike wounds
             ... on level 6 of the Dungeon.
             The game lasted 00:26:25 (5841 turns).

noir2mars the Twirler (Human Reaver)                Turns: 5841, Time: 00:26:26

Health: -2/65      AC:  9    Str: 15    XL:     9   Next: 48%
Magic:  0/12       EV: 12    Int: 13    God:    Makhleb [**....]
Gold:   338        SH:  0    Dex: 26    Spells: 11/12 levels left

rFire   . . .        u - +7 staff of the Meek {protect, meekguard}
rCold   . . .        (shield currently unavailable)
rNeg    . . .        L - +0 scale mail
rPois   .            g - +0 helmet
rElec   .            P - +0 cloak
rCorr   .            (no gloves)
SInv    .            (no boots)
Will    .....        M - amulet of guardian spirit
Stlth   +            z - +6 ring of dexterity
HPRegen 0.30/turn    Q - +6 ring of dexterity
MPRegen 0.13/turn

%: guardian spirit
@: spiked
A: explore regen
a: Renounce Religion, Minor Destruction


You were on level 6 of the Dungeon.
You worshipped Makhleb.
Makhleb was pleased with you.
You visited 1 branch of the dungeon, and saw 7 of its levels.
You also visited: Ossuary.

You collected 338 gold pieces.

Inventory:

Hand Weapons
 a - a +0 falchion
 f - a +0 hand axe of venom
 h - a +1 flail of protection
 p - a +1 rapier of draining
 u - the +7 staff of the Meek (weapon) {protect, meekguard}
   (You found it on level 4 of the Dungeon)
 v - a +2 hand axe of venom
 w - a +1 dagger of protection
 x - the +7 trident of the Scorned {drain, ^Drain rF+ Will+ MP+9}
   (You found it on level 4 of the Dungeon)

   rF+:       It protects you from fire.
   Will+:     It increases your willpower.
   MP+9:      It affects your magic capacity (+9).
   ^Drain:    It drains your maximum health when unequipped.
 y - a +2 heavy mace
 T - a +1 mace of draining
 U - a +5 vampiric spear
Missiles
 d - 8 poisoned darts
Armour
 b - a +0 leather armour
 c - a +0 buckler
 g - a +0 helmet (worn)
 o - a +0 ring mail
 L - a +0 scale mail (worn)
 P - a +0 cloak (worn)
Jewellery
 e - a ring of positive energy
 j - a ring of willpower
 z - a +6 ring of dexterity (left hand)
 E - a ring of positive energy
 M - an amulet of guardian spirit (around neck)
 Q - a +6 ring of dexterity (right hand)
Talismans
 O - a flux talisman
 R - a blade talisman
Wands
 r - a wand of flame (4)
 J - a wand of iceblast (7)
 K - a wand of paralysis (9)
Scrolls
 i - 7 scrolls of identify {unknown}
 k - 2 scrolls of amnesia {unknown}
 m - a scroll of blinking {unknown}
 n - 3 scrolls of vulnerability {unknown}
 q - 2 scrolls of enchant armour {unknown}
 t - a scroll of silence {unknown}
 A - 2 scrolls of teleportation {unknown}
 B - a scroll of summoning {unknown}
 F - 5 scrolls of fog {unknown}
 G - a scroll of torment {unknown}
 I - a scroll of revelation {unknown}
 S - a scroll of noise {unknown}
Potions
 l - 3 potions of curing {unknown}
 s - a potion of mutation {unknown}
 C - a potion of enlightenment {unknown}
 D - a potion of lignification {unknown}
 H - a potion of haste {unknown}
 N - a potion of cancellation {unknown}


   Skills:
 + Level 4.2 Fighting
 + Level 2.0(3.4) Short Blades
 + Level 4.3(4.6) Long Blades
 + Level 0.4(1.4) Axes
 + Level 2.2(5.4) Maces & Flails
 + Level 7.8(8.0) Staves
 + Level 5.2 Armour
 + Level 3.8 Dodging
 + Level 1.7 Stealth
 + Level 0.8 Shields
 + Level 2.1 Spellcasting
 + Level 3.2 Conjurations
 + Level 1.8 Evocations


You had 11 spell levels left.
You knew the following spells:

 Your Spells              Type           Power      Damage    Failure   Level
a - Kiss of Death         Conj/Necr      20%        2d7       43%         1

Your spell library contained the following spells:

 Spells                   Type           Power      Damage    Failure   Level
 Momentum Strike          Conj/Tloc      10%        3d8       56%         2
 Slow                     Hex            4%         N/A       65%         1
 Call Imp                 Summ           2%         N/A       80%         2
 Sublimation of Blood     Necr           1%         N/A       80%         2
 Hailstorm                Conj/Ice       5%         3d5       80%         3
 Inner Flame              Hex/Fire       1%         N/A       95%         3
 Irradiate                Conj/Alch      2%         3d12      100%        5
 Summon Hydra             Summ           0%         N/A       100%        7
 Ignition                 Fire           0%         3d3       100%        8


Dungeon Overview and Level Annotations

Branches:
Dungeon (7/15)            Ossuary (visited)
 Temple: D:4-7

Altars:
Ashenzari
Elyvilon
Fedhas
Makhleb
Nemelex Xobeh
Sif Muna
Wu Jian
Xom
The Shining One

Annotations:
D:3 1 runed translucent door, jombi's ghost, amateur DsHW


Innate Abilities, Weirdness & Mutations

You regain HP and MP as you explore.


Message History

The manticore flicks its tail.
The volley of spikes skewers you!
The barbed spikes become lodged in your body.
A manticore is nearby!
Okay, then.
Aiming: Throw Flame
Press: ? - help, Shift-Dir - straight line, f/p - manticore
Aim: a manticore (lightly wounded, 83% to hit)
The puff of flame hits the manticore but does no damage.
The manticore is lightly wounded.
The manticore flicks its tail.
The volley of spikes skewers you!
The barbed spikes become lodged in your body.
Aiming: Throw Flame
Press: ? - help, Shift-Dir - straight line, f/p - manticore
Aim: a manticore (83% to hit)
The puff of flame hits the manticore.
The manticore is lightly wounded.
The manticore flicks its tail.
The volley of spikes skewers you.
The barbed spikes become lodged in your body.
Okay, then.
The barbed spikes dig painfully into your body as you move.
The barbed spikes dig painfully into your body as you move.
The barbed spikes dig painfully into your body as you move.
The barbed spikes dig painfully into your body as you move.
The barbed spikes dig painfully into your body as you move.
* * * LOW HITPOINT WARNING * * *
The barbed spikes dig painfully into your body as you move.
* * * LOW HITPOINT WARNING * * *
The barbed spikes dig painfully into your body as you move.
* * * LOW HITPOINT WARNING * * *
The barbed spikes dig painfully into your body as you move.
* * * LOW HITPOINT WARNING * * *
The barbed spikes dig painfully into your body as you move.
* * * LOW HITPOINT WARNING * * *
The barbed spikes dig painfully into your body as you move.
* * * LOW HITPOINT WARNING * * *
The barbed spikes dig painfully into your body as you move.
You die...

...........## ......#####.....#
(..........###
##.......#H...###
.............####.............#
...#.........#.##..###.......##
...#....#.)....#.... ##.##...#
..#.....#)).......# #.#######
.##..###[.<..<....# #..#.#
###..# ##.[.......# ##...###
###.## ##......@#####......###
##...# ##..........H.##.....#
#...## ####...........####...##
.....###.....#.........# #.###
......##..#.###........#####
......#...###...........#
........### #..........##
.........# ##......####
.....##..####.......#


You could see a manticore.

Vanquished Creatures
  A troll (D:6)
  Grinder (D:3)
  A wraith (D:5)
  Duvessa (D:6)
  A sky beast (D:5)
  A black bear (D:4)
  2 phantoms (D:5)
  A weeping skull (Ossuary)
  5 elf zombies (Ossuary)
  A gnoll sergeant (D:6)
  2 scorpions
  Dowan (D:5)
  A human zombie (Ossuary)
  3 hounds
  2 jellies (D:5)
  2 orc priests (D:4)
  A gnoll bouda (D:3)
  2 iguanas
  A sleepcap (D:5)
  3 orc wizards
  A killer bee zombie (Ossuary)
  2 hound zombies (Ossuary)
  4 mummies
  8 gnolls
  6 adders
  3 white imps
  2 ufetubi (D:6)
  5 adder zombies (Ossuary)
  An adder skeleton (D:3)
  2 dart slugs
  3 ribbon worms
  18 orcs
  4 endoplasms
  4 giant cockroaches
  2 gnoll zombies (Ossuary)
  8 goblins
  4 hobgoblins
  4 jackals (D:1)
  A quokka (D:4)
  3 ball pythons
  A ball python skeleton (D:3)
  5 ball python zombies (Ossuary)
  3 bats
  4 frilled lizards
  4 jackal zombies (Ossuary)
  2 kobolds (D:1)
  3 kobold zombies (Ossuary)
  2 orc zombies (Ossuary)
  5 rats
147 creatures vanquished.

Notes
Turn   | Place    | Note
-------+----------+-------------------------------------------
     0 | D:1      | noir2mars the Human Reaver began the quest for the Orb.
     0 | D:1      | Reached XP level 1. HP: 16/16 MP: 3/3
   130 | D:1      | Reached XP level 2. HP: 20/22 MP: 5/5
   885 | D:2      | Reached XP level 3. HP: 22/28 MP: 6/6
  1550 | D:3      | Found a shimmering blue altar of Sif Muna.
  1555 | D:3      | Found a burning altar of Makhleb.
  1610 | D:3      | Reached XP level 4. HP: 34/34 MP: 7/7
  1638 | D:3      | Found a faded altar of an unknown god.
  1645 | D:3      | Got Plato's Compilation of the Sphinx
  1702 | D:3      | Found a runed translucent door.
  1839 | D:3      | Found a sparkling altar of Nemelex Xobeh.
  1886 | D:3      | Found a glowing golden altar of the Shining One.
  1974 | D:3      | Reached skill level 1 in Armour
  1984 | D:3      | Noticed jombi's ghost (amateur DsHW)
  1984 | D:3      | Noticed a centaur
  2065 | D:3      | Reached skill level 1 in Maces & Flails
  2065 | D:3      | Reached XP level 5. HP: 31/39 MP: 8/8
  2114 | D:3      | Noticed Grinder
  2137 | D:3      | Killed Grinder
  2138 | D:3      | Reached skill level 1 in Short Blades
  2138 | D:3      | Reached skill level 1 in Evocations
  2138 | D:3      | Reached XP level 6. HP: 28/46 MP: 9/9
  2404 | D:3      | Became a worshipper of Makhleb the Destroyer
  2495 | D:4      | Found a white marble altar of Elyvilon.
  2506 | D:4      | Found the +7 staff of the Meek {protect, meekguard}
  2640 | D:4      | Identified the +7 trident of the Scorned {drain, ^Drain rF+
                  | Will+ MP+9}
  2656 | D:4      | Found a shimmering altar of Xom.
  2880 | D:4      | Reached skill level 1 in Staves
  2880 | D:4      | Reached XP level 7. HP: 45/51 MP: 10/10
  2954 | D:4      | Found a sand-covered staircase.
  2999 | D:4      | Reached skill level 2 in Staves
  3029 | Ossuary  | Entered an ossuary
  3095 | Ossuary  | Reached * piety under Makhleb
  3133 | Ossuary  | Reached skill level 3 in Staves
  3272 | Ossuary  | Reached skill level 4 in Staves
  3272 | Ossuary  | Reached XP level 8. HP: 55/58 MP: 11/11
  3555 | Ossuary  | Reached skill level 5 in Staves
  3964 | D:5      | Entered Level 5 of the Dungeon
  4202 | D:5      | Found a blossoming altar of Fedhas.
  4203 | D:5      | Found a broken altar of Ashenzari.
  4276 | D:5      | Found an ornate altar of the Wu Jian Council.
  4300 | D:5      | You fall into a shaft and drop 2 floors!
  4368 | D:6      | Reached ** piety under Makhleb
  4504 | D:5      | Reached skill level 6 in Staves
  5125 | D:6      | Noticed a wraith
  5126 | D:6      | Noticed Duvessa
  5127 | D:6      | Noticed Dowan
  5140 | D:5      | Killed a wraith
  5141 | D:5      | Reached skill level 1 in Stealth
  5141 | D:5      | Reached XP level 9. HP: 47/65 MP: 8/12
  5201 | D:6      | Killed Duvessa
  5202 | D:6      | Reached skill level 7 in Staves
  5212 | D:5      | Killed Dowan
  5544 | D:6      | Noticed a troll
  5577 | D:6      | Killed a troll
  5578 | D:6      | Reached skill level 5 in Armour
  5826 | D:6      | Noticed a manticore
  5840 | D:6      | HP: 2/65 [barbs]
  5841 | D:6      | Succumbed to barbed spike wounds

Illustrated notes

Levels and vault maps discovered:
D:1:      saegor_arrival_simple_c, layout_basic
D:2:      layout_rooms, chequers_jeans
D:3:      layout_basic, nicolae_tso_swordbearing_angel,
          grunt_temple_overflow_open, overflow_temple_1_default, serial_undead,
          serial_undead_a, serial_undead_b, serial_undead_e, serial_undead_e,
          shapermc_ecumenical_altar_rom_forum, ebering_ghost_inner_flame,
          uniq_grinder
D:4:      layout_rooms, mainiacjoe_overflow_24_doors,
          mainiacjoe_overflow_concentric_impassable, gup_ossuary_entry_pyramid,
          kennysheep_minor_cross
D:5:      layout_rooms, mainiacjoe_overflow_alcove_2,
          nicolae_overflow_hidden_temple, minivault_5
D:6:      layout_cave_pools, temple_green, minmay_manual_mess, uniq_duvessa
D:7:      layout_loops_ring, nicolae_gozag_cash_rules_everything_around_me

Skill      XL: |  1  2  3  4  5  6  7  8  9 |
---------------+----------------------------+-----
Long Blades    | 4 |  4.3
Armour         | 1 2 3 4 5 |  5.2
Maces & Flails | 1 2 |  2.2
Short Blades   | 1 2 |  2.0
Evocations     | 1 |  1.8
Staves         | 1 4 6 7 |  7.8
Fighting       | 3 4 |  4.2
Dodging        | 3 |  3.8
Stealth        | 1 |  1.7
Axes           | |  0.4
Shields        | |  0.8
Spellcasting   | |  2.1
Conjurations   | |  3.2

Action                     |  1- 3 |  4- 6 |  7- 9 || total
---------------------------+-------+-------+-------++-------
  Melee: Falchion          |   108 |       |       ||   108
         Flail             |     8 |     7 |       ||    15
         Hand axe          |     6 |       |       ||     6
         Rapier            |       |    44 |       ||    44
         Quarterstaff      |       |    25 |   299 ||   324
  Throw: Dart              |       |       |     1 ||     1
  Evoke: Wand              |       |    14 |    10 ||    24
    Use: Potion            |     2 |       |       ||     2
   Stab: Paralysed         |       |       |     5 ||     5
 Armour: Leather armour    |    28 |       |       ||    28
         Ring mail         |    26 |    53 |   141 ||   220
         Scale mail        |       |       |   119 ||   119
  Dodge: Dodged            |    66 |    26 |   213 ||   305
  Block: Buckler           |    16 |     4 |       ||    20
